 Dungeon Crawl Stone Soup version 0.20.0 (webtiles) character file.

4834 Eucla the Carver (level 10, -6/69 HPs)
             Began as an Octopode Fighter on May 31, 2017.
             Was a Priest of Dithmenos.
             Mangled by a vampire (13 damage)
             ... on level 9 of the Dungeon.
             The game lasted 00:10:04 (8248 turns).

Eucla the Carver (Octopode Fighter)                 Turns: 8248, Time: 00:10:04

Health: -6/69      AC:  1    Str: 16    XL:     10   Next: 49%
Magic:  10/10      EV: 13    Int: 11    God:    Dithmenos [***...]
Gold:   444        SH:  0    Dex: 15    Spells: 9/9 levels left

rFire    + + .     SeeInvis .   j - +1 short sword (elec)
rCold    . . .     Gourm    .   b - +0 shield
rNeg     . . .     Faith    .   (helmet restricted)
rPois    .         Spirit   .   i - amulet of magic regeneration
rElec    .         Reflect  .   h - ring of flight
rCorr    .         Harm     .   n - ring of protection from fire
MR       .....                  c - +3 ring of intelligence
Stlth    ++++......             (no ring)
Regen    0.3/turn               q - +2 ring of slaying
MPRegen  0.2/turn               H - ring of stealth
                                (no ring)
                                (no ring)

@: confused, wreathed by umbra
A: almost no armour, stealthy swim, amphibious, 8 rings, constrict 8, camouflage
1, dopey 1, fire resistance 1, robust 1, wild magic 1, gelatinous body 1,
MP-powered wands
a: Shadow Step, Renounce Religion, Evoke Flight


You were on level 9 of the Dungeon.
You worshipped Dithmenos.
Dithmenos was most pleased with you.
You were hungry.

You visited 2 branches of the dungeon, and saw 10 of its levels.

You collected 444 gold pieces.

Inventory:

Hand Weapons
 j - a +1 short sword of electrocution (weapon)
 w - a +0 blowgun
 K - a +3 scimitar
Missiles
 x - 21 poisoned needles
 y - 7 tomahawks of returning (quivered)
 B - 2 throwing nets
 E - 7 tomahawks
 F - 6 curare-tipped needles
 L - 5 needles of confusion
Armour
 b - a +0 shield (worn)
Jewellery
 c - a +3 ring of intelligence (on tentacle)
 h - a ring of flight (left tentacle)
 i - an amulet of magic regeneration (around mantle)
 n - a ring of protection from fire (right tentacle)
 q - a +2 ring of slaying (on tentacle)
 A - an uncursed amulet of the gourmand
 H - a ring of stealth (on tentacle)
Wands
 o - a wand of acid (5/15)
 u - a wand of flame (7/48)
Scrolls
 g - 2 scrolls of remove curse
 k - 2 scrolls of noise {unknown}
 l - a scroll of immolation {unknown}
 p - 5 scrolls of teleportation {unknown}
 r - a scroll of blinking {unknown}
 s - 7 scrolls of identify
 t - 3 scrolls of amnesia {unknown}
 v - 5 scrolls of recharging {unknown}
 z - a scroll of enchant armour {unknown}
 C - a scroll of magic mapping {unknown}
 D - a scroll of fear {unknown}
 G - 2 scrolls of fog {unknown}
Potions
 a - 2 potions of might
 e - a potion of ambrosia
 f - a potion of agility {unknown}
 J - a potion of cancellation {unknown}
Books
 I - a book of Misfortune

   Spells                             Type                      Level
   a - Confusing Touch                Hexes                        1
   b - Confuse                        Hexes                        3
   c - Gell's Gravitas                Translocation                3
   d - Petrify                        Transmutation/Earth          4
   e - Metabolic Englaciation         Hexes/Ice                    5
   f - Yara's Violent Unravelling     Hexes/Transmutation          5
Comestibles
 d - 4 bread rations
 m - 3 meat rations
 M - 5 chunks of flesh


   Skills:
 + Level 3.6 Fighting
 - Level 14.0 Long Blades
 + Level 3.8 Dodging
 + Level 3.8 Shields


You had 9 spell levels left.
You didn't know any spells.

Dungeon Overview and Level Annotations

Branches:
Dungeon (9/15)             Temple (1/1) D:4
   Lair: D:8-11         Orc: D:9-12

Altars:
Cheibriados
Dithmenos
Hepliaklqana
Kikubaaqudgha
Okawaru
Qazlal
Uskayaw
Vehumet
Zin
The Shining One

Annotations:
D:8 2 runed doors, exclusion: orange crystal statue, Psyche


Innate Abilities, Weirdness & Mutations

You cannot wear most types of armour.
You are very stealthy in the water. (Stealth+)
You are amphibious.
You can wear up to eight rings at the same time.
You can use your tentacles to constrict eight enemies at once.
Your skin changes colour to match your surroundings (Stealth+).
Your rubbery body absorbs attacks. (AC +1, EV +1)
You are dopey. (Int -2)
Your flesh is heat resistant. (rF+)
You are robust. (+10% HP)
Your spells are a little harder to cast, but a little more powerful.
You expend magic power (3 MP) to strengthen your wands.


Message History

* * * LOW HITPOINT WARNING * * *
The vampire draws life force from you and is healed!
You are too injured to fight recklessly!
Unknown command.
You are too injured to fight recklessly!
Unknown command.
You hit the vampire. You squeeze the vampire!
The vampire is almost destroyed.
You constrict the vampire, but do no damage.
The vampire gestures wildly while chanting.
The vampire flickers and vanishes!
Deactivating autopickup; reactivate with Ctrl-A.
Unknown command.
You hit something but do no damage. You squeeze something.
You constrict something.
Unholy energy fills the air.
* * * LOW HITPOINT WARNING * * *
It was a potion of ambrosia.
You are confused.
You feel invigorated.
You constrict something. Something hits you!
You die...

#.......#......#...####
#.......#......#...#
.......#......#...#
#.....#......#...#
#.....#......#...####
#.....#......###.....
#.....'........#.....
#.....#........#.....
#...@.######...#.....
#....{..(....#...#.....
#............#####.####
#............. ....#...
#.....######## #...#...
#..... #...#... #.....
#...#.^. #.....
#...#... #...'...


There were no monsters in sight!

Vanquished Creatures
  2 two-headed ogres (D:9)
  Sigmund (D:3)
  A hungry ghost (D:7)
  An orc warrior (D:6)
  An ice beast (D:7)
  3 sky beasts
  2 black bears
  A hornet zombie (D:7)
  A necrophage (D:8)
  5 ogres
  A centaur (D:8)
  A big kobold (D:7)
  2 bullfrogs (D:8)
  Blork the orc (D:5)
  A gnoll sergeant (D:8)
  2 scorpions
  9 wights
  2 howler monkeys
  3 crimson imps
  4 hounds
  2 jellies
  9 orc wizards
  A gnoll shaman (D:8)
  An orc priest (D:7)
  2 bullfrog skeletons
  Jessica (D:2)
  An iguana (D:5)
  4 worker ants
  A hound zombie (D:8)
  A howler monkey zombie (D:7)
  8 gnolls (D:8)
  8 adders
  4 shadow imps
  An ooze (D:1)
  2 adder zombies
  An adder skeleton (D:4)
  3 worms
  3 dart slugs
  A leopard gecko (D:1)
  26 orcs
  A ball python (D:6)
  3 giant cockroaches
  3 goblins
  4 hobgoblins
  17 jackals
  6 quokkas
  9 bats
  5 frilled lizards
  16 kobolds
  A quokka skeleton (D:7)
  6 rats
195 creatures vanquished.

Notes
Turn   | Place    | Note
-------+----------+-------------------------------------------
     0 | D:1      | Eucla the Octopode Fighter began the quest for the Orb.
     0 | D:1      | Reached XP level 1. HP: 16/16 MP: 1/1
    23 | D:1      | Reached XP level 2. HP: 21/21 MP: 2/2
   111 | D:1      | Reached skill level 3 in Long Blades
   330 | D:1      | Reached XP level 3. HP: 26/26 MP: 3/3
   462 | D:2      | Noticed Jessica
   465 | D:2      | Killed Jessica
   465 | D:2      | Reached skill level 4 in Long Blades
   469 | D:2      | Reached XP level 4. HP: 29/31 MP: 4/4
  1502 | D:3      | Reached skill level 5 in Long Blades
  1511 | D:3      | Noticed Sigmund
  1515 | D:3      | Killed Sigmund
  1515 | D:3      | Reached skill level 6 in Long Blades
  1515 | D:3      | Reached XP level 5. HP: 36/36 MP: 5/5
  1515 | D:3      | Reached XP level 6. HP: 42/42 MP: 6/6
  2424 | D:4      | Found a staircase to the Ecumenical Temple.
  2568 | Temple   | Entered the Ecumenical Temple
  2588 | Temple   | Became a worshipper of Dithmenos the Shadowed
  2659 | D:4      | Reached skill level 7 in Long Blades
  2889 | D:4      | Reached XP level 7. HP: 33/46 MP: 7/7
  3217 | D:4      | Reached skill level 8 in Long Blades
  3595 | D:5      | Entered Level 5 of the Dungeon
  3664 | D:5      | Noticed Blork the orc
  3672 | D:5      | Killed Blork the orc
  3943 | D:5      | Reached * piety under Dithmenos
  4154 | D:5      | Reached skill level 9 in Long Blades
  4154 | D:5      | Reached XP level 8. HP: 4/52 MP: 8/8
  4158 | D:5      | Gained mutation: You are surrounded by a mild repulsion field. (EV +2) [mutagenic meat]
  4159 | D:5      | Gained mutation: Your spells are a little harder to cast, but a little more powerful. [mutagenic meat]
  4160 | D:5      | Gained mutation: You occasionally shout uncontrollably at your foes. [mutagenic meat]
  4813 | D:6      | Reached skill level 10 in Long Blades
  5828 | D:7      | Reached skill level 11 in Long Blades
  5831 | D:7      | Reached XP level 9. HP: 35/56 MP: 9/9
  5864 | D:7      | Reached ** piety under Dithmenos
  5892 | D:7      | Gained mutation: Your mind is acute. (Int +2) [mutagenic meat]
  5893 | D:7      | Gained mutation: One of your tentacles bears a spike. [mutagenic meat]
  5894 | D:7      | Lost mutation: Your mind is acute. (Int +2) [mutagenic meat]
  5895 | D:7      | Gained mutation: You can translocate small distances at will. [mutagenic meat]
  5896 | D:7      | Gained mutation: Scrolls take you a little longer to read. [mutagenic meat]
  5898 | D:7      | Lost mutation: One of your tentacles bears a spike. [potion of mutation]
  5898 | D:7      | Lost mutation: Scrolls take you a little longer to read. [potion of mutation]
  5898 | D:7      | Lost mutation: You occasionally shout uncontrollably at your foes. [potion of mutation]
  5898 | D:7      | Lost mutation: You can translocate small distances at will. [potion of mutation]
  5898 | D:7      | Lost mutation: You are surrounded by a mild repulsion field. (EV +2) [potion of mutation]
  5898 | D:7      | Gained mutation: You are robust. (+10% HP) [potion of mutation]
  5898 | D:7      | Gained mutation: You expend magic power (3 MP) to strengthen your wands. [potion of mutation]
  5898 | D:7      | Gained mutation: Your muscles are strong. (Str +2) [potion of mutation]
  6392 | D:7      | Reached skill level 12 in Long Blades
  7246 | D:8      | Found a runed door.
  7247 | D:8      | Noticed an orange crystal statue
  7252 | D:8      | Noticed Psyche
  7271 | D:8      | Found a runed door.
  7298 | D:8      | Reached skill level 13 in Long Blades
  7306 | D:8      | Gained mutation: Your flesh is heat resistant. (rF+) [mutagenic meat]
  7307 | D:8      | Gained mutation: You are dopey. (Int -2) [mutagenic meat]
  7308 | D:8      | Lost mutation: Your muscles are strong. (Str +2) [mutagenic meat]
  7401 | D:8      | Reached *** piety under Dithmenos
  7414 | D:8      | Reached XP level 10. HP: 17/69 MP: 10/10
  8107 | D:9      | Noticed a two-headed ogre
  8115 | D:9      | Killed a two-headed ogre
  8115 | D:9      | Reached skill level 14 in Long Blades
  8159 | D:9      | Noticed a two-headed ogre
  8166 | D:9      | Killed a two-headed ogre
  8247 | D:9      | HP: 3/69 [something/vampiric draining (14)]
  8248 | D:9      | Mangled by a vampire

Skill      XL: |  1  2  3  4  5  6  7  8  9 10 |
---------------+-------------------------------+-----
Long Blades    | 3 4 6 7 9 11 13 14 | 14.0
Fighting       | |  3.6
Dodging        | |  3.8
Shields        | |  3.8

Action                   |  1- 3 |  4- 6 |  7- 9 | 10-12 || total
-------------------------+-------+-------+-------+-------++-------
Melee: Long sword        |    35 |     9 |       |       ||    44
       Constrict         |    11 |    26 |    58 |     4 ||    99
       Tentacles         |    10 |    15 |    59 |    10 ||    94
       Short sword       |       |    92 |   281 |    32 ||   405
  Use: Scroll            |       |     2 |     2 |       ||     4
       Potion            |       |       |     9 |     1 ||    10
 Stab: Sleeping          |     4 |    10 |    12 |     7 ||    33
  Eat: Meat ration       |       |     1 |       |       ||     1
       Chunk             |       |     1 |    22 |     3 ||    26
       Royal jelly       |       |       |     4 |       ||     4
       Fruit             |       |       |     4 |       ||     4
Armor: Skin              |     2 |     5 |    10 |       ||    17
Dodge: Dodged            |    12 |    43 |   101 |     3 ||   159
Block: Shield            |    18 |    39 |    88 |     7 ||   152
       Rpst.: Long sword |     3 |     1 |       |       ||     4
